[ AOE2 MATCH · #505932344 ]
UnrankedTatars vs Wu
Player's team · WIN
Rival team · LOSS
[ REPLAY ANALYSIS · EXTRACTED FROM THE RECORDED GAME ]
Feudal
8:29
Castle
26:49
Imperial
—
| APM avg | 52.4 |
| APM peak | 83 |
| eAPM avg | 23.2 |
| Villagers / military | 66 / 69 |
Focus
⚔️ 43.1% · 🌾 56.9%
Cavalry Archer ×28 · Archer ×24 · Skirmisher ×5 · Scout Cavalry ×5 · Militia ×4 · Camel Scout ×3
Feudal
8:37
Castle
26:03
Imperial
—
| APM avg | 46.8 |
| APM peak | 85 |
| eAPM avg | 22.8 |
| Villagers / military | 70 / 38 |
Focus
⚔️ 54.0% · 🌾 46.0%
Skirmisher ×36 · Unknown (1944) ×10 · Militia ×2
Match map
Initial resources + every placement click. Lines = walls · curves = elevation contours. ◆ gold · ⬟ stone · ● berries · ✦ relic · ◌ wall gap
Your base· ✓ Closed at 26:49 · 4t walls · 1 gate(s)
MZTK |Kiss's base· ✓ Closed at 26:03 · 4t walls · no gate
Smoothed initial terrain · ◌ = detected wall gap · hover for details
Inputs per minute
— ask - - MZTK |Kiss
Build order — ask
First 150 of 232 actions detected
| 0:01 | Create | Villager (Male) |
| 0:01 | Create | Villager (Male) |
| 0:02 | Create | Villager (Male) |
| 0:03 | Build | House |
| 0:05 | Build | House |
| 0:08 | Create | Villager (Male) |
| 0:08 | Create | Villager (Male) |
| 1:11 | Create | Villager (Male) |
| 1:11 | Create | Villager (Male) |
| 1:44 | Create | Villager (Male) |
| 1:45 | Create | Villager (Male) |
| 2:15 | Create | Villager (Male) |
| 2:16 | Create | Villager (Male) |
| 2:40 | Build | Lumber Camp |
| 2:48 | Create | Villager (Male) |
| 2:48 | Create | Villager (Male) |
| 3:09 | Create | Villager (Male) |
| 3:09 | Create | Villager (Male) |
| 3:33 | Create | Villager (Male) |
| 3:33 | Create | Villager (Male) |
| 3:43 | Create | Villager (Male) |
| 3:44 | Create | Villager (Male) |
| 3:50 | Build | House |
| 4:05 | Create | Villager (Male) |
| 4:13 | Create | Villager (Male) |
| 4:55 | Create | Villager (Male) |
| 5:16 | Create | Villager (Male) |
| 5:37 | Build | Barracks |
| 6:19 | Research | Feudal Age |
| 6:19 | Research | Feudal Age |
| 6:53 | Build | House |
| 6:53 | Create | Militia |
| 6:53 | Create | Militia |
| 7:14 | Create | Militia |
| 7:43 | Build | Mining Camp |
| 7:51 | Create | Militia |
| 7:58 | Build | House |
| 8:13 | Create | Villager (Male) |
| 8:29 | Age | Feudal Age |
| 8:43 | Research | Loom |
| 8:49 | Research | Man-at-Arms (upgrade) |
| 9:01 | Build | Archery Range |
| 9:16 | Create | Villager (Male) |
| 9:30 | Build | House |
| 9:35 | Build | Palisade Wall |
| 9:37 | Build | Palisade Wall |
| 9:39 | Build | Palisade Wall |
| 9:59 | Create | Archer |
| 10:01 | Build | House |
| 10:36 | Create | Villager (Male) |
| 10:53 | Create | Archer |
| 10:55 | Build | House |
| 11:08 | Create | Villager (Male) |
| 11:16 | Build | Blacksmith |
| 11:32 | Create | Archer |
| 11:41 | Create | Villager (Male) |
| 11:53 | Build | Mill |
| 12:19 | Create | Archer |
| 12:37 | Research | Fletching |
| 12:38 | Research | Fletching |
| 12:38 | Create | Villager (Male) |
| 13:15 | Create | Villager (Male) |
| 13:34 | Create | Skirmisher |
| 13:35 | Create | Skirmisher |
| 13:36 | Create | Villager (Male) |
| 13:42 | Research | Double-Bit Axe |
| 13:42 | Research | Double-Bit Axe |
| 14:00 | Create | Villager (Male) |
| 14:06 | Build | Watch Tower |
| 14:19 | Create | Villager (Male) |
| 14:21 | Create | Skirmisher |
| 14:48 | Create | Villager (Male) |
| 15:05 | Create | Villager (Male) |
| 15:36 | Build | Mill |
| 15:37 | Create | Villager (Male) |
| 15:41 | Create | Skirmisher |
| 15:42 | Create | Skirmisher |
| 16:03 | Create | Villager (Male) |
| 16:13 | Research | Horse Collar |
| 16:13 | Research | Horse Collar |
| 16:17 | Build | Farm |
| 16:18 | Build | Farm |
| 16:20 | Build | Farm |
| 16:25 | Create | Villager (Male) |
| 16:42 | Build | Farm |
| 17:00 | Create | Villager (Male) |
| 17:12 | Build | House |
| 17:18 | Build | Farm |
| 17:21 | Build | Farm |
| 17:22 | Create | Villager (Male) |
| 17:33 | Create | Archer |
| 17:33 | Create | Archer |
| 17:34 | Build | Farm |
| 17:40 | Create | Villager (Male) |
| 18:01 | Create | Archer |
| 18:01 | Create | Archer |
| 18:04 | Create | Villager (Male) |
| 18:07 | Build | Farm |
| 18:10 | Build | House |
| 18:27 | Research | Town Watch |
| 18:27 | Research | Town Watch |
| 18:41 | Create | Archer |
| 18:47 | Build | Stable |
| 18:58 | Build | Farm |
| 18:59 | Create | Villager (Male) |
| 19:06 | Create | Archer |
| 19:19 | Build | Palisade Wall |
| 19:30 | Create | Scout Cavalry |
| 19:31 | Create | Scout Cavalry |
| 19:33 | Build | Farm |
| 19:33 | Create | Villager (Male) |
| 19:34 | Create | Villager (Male) |
| 19:47 | Build | Lumber Camp |
| 20:00 | Create | Archer |
| 20:01 | Create | Scout Cavalry |
| 20:07 | Create | Villager (Male) |
| 20:13 | Build | Farm |
| 20:27 | Build | House |
| 20:30 | Research | Wheelbarrow |
| 20:30 | Research | Wheelbarrow |
| 21:09 | Create | Scout Cavalry |
| 21:10 | Create | Villager (Male) |
| 21:30 | Create | Archer |
| 21:37 | Create | Scout Cavalry |
| 21:40 | Build | Farm |
| 21:43 | Build | Farm |
| 21:44 | Build | Farm |
| 21:46 | Build | Farm |
| 21:51 | Build | House |
| 21:52 | Build | House |
| 21:53 | Build | House |
| 21:57 | Build | Palisade Gate |
| 22:14 | Build | Archery Range |
| 22:33 | Create | Archer |
| 22:34 | Create | Archer |
| 22:40 | Create | Villager (Male) |
| 22:42 | Build | Farm |
| 23:44 | Create | Villager (Male) |
| 24:07 | Build | Archery Range |
| 24:08 | Create | Archer |
| 24:08 | Create | Archer |
| 24:08 | Create | Archer |
| 24:09 | Research | Castle Age |
| 24:20 | Build | Farm |
| 24:31 | Build | House |
| 24:45 | Research | Gold Mining |
| 24:46 | Research | Gold Mining |
| 24:46 | Create | Archer |
| 24:46 | Create | Archer |
| 25:00 | Build | Lumber Camp |
Build order — MZTK |Kiss
First 150 of 193 actions detected
| 0:01 | Create | Villager (Male) |
| 0:02 | Build | House |
| 0:03 | Build | House |
| 0:11 | Create | Villager (Male) |
| 0:11 | Create | Villager (Male) |
| 0:11 | Create | Villager (Male) |
| 1:32 | Create | Villager (Male) |
| 1:52 | Build | Lumber Camp |
| 1:57 | Create | Villager (Male) |
| 1:57 | Create | Villager (Male) |
| 2:26 | Create | Villager (Male) |
| 2:33 | Create | Villager (Male) |
| 3:18 | Create | Villager (Male) |
| 3:27 | Create | Villager (Male) |
| 3:50 | Build | House |
| 4:08 | Create | Villager (Male) |
| 4:20 | Create | Villager (Male) |
| 4:49 | Create | Villager (Male) |
| 5:09 | Create | Villager (Male) |
| 5:48 | Research | Loom |
| 5:49 | Build | Barracks |
| 6:27 | Research | Feudal Age |
| 6:35 | Create | Militia |
| 7:00 | Create | Militia |
| 7:01 | Build | House |
| 7:39 | Build | Mining Camp |
| 8:37 | Age | Feudal Age |
| 8:43 | Research | Man-at-Arms (upgrade) |
| 8:46 | Create | Villager (Male) |
| 8:50 | Create | Villager (Male) |
| 9:00 | Create | Villager (Male) |
| 9:21 | Create | Villager (Male) |
| 9:23 | Build | Archery Range |
| 10:01 | Create | Villager (Male) |
| 10:08 | Build | Mill |
| 10:27 | Create | Skirmisher |
| 10:29 | Build | House |
| 10:30 | Create | Villager (Male) |
| 10:33 | Create | Villager (Male) |
| 10:40 | Create | Villager (Male) |
| 10:41 | Build | Blacksmith |
| 10:48 | Build | Palisade Wall |
| 10:52 | Create | Skirmisher |
| 10:55 | Create | Villager (Male) |
| 11:05 | Create | Skirmisher |
| 11:14 | Build | Watch Tower |
| 11:15 | Build | Palisade Wall |
| 11:16 | Build | Palisade Wall |
| 11:23 | Build | House |
| 11:27 | Research | Fletching |
| 11:38 | Create | Skirmisher |
| 11:54 | Build | Archery Range |
| 12:13 | Create | Skirmisher |
| 12:19 | Create | Skirmisher |
| 12:21 | Create | Villager (Male) |
| 12:24 | Build | House |
| 12:51 | Create | Villager (Male) |
| 12:59 | Create | Skirmisher |
| 13:14 | Create | Villager (Male) |
| 13:19 | Create | Villager (Male) |
| 13:20 | Create | Villager (Male) |
| 13:27 | Build | House |
| 13:31 | Create | Skirmisher |
| 13:35 | Create | Villager (Male) |
| 13:48 | Build | Palisade Wall |
| 13:51 | Build | Mining Camp |
| 14:01 | Create | Villager (Male) |
| 14:10 | Build | Mill |
| 14:24 | Create | Skirmisher |
| 14:25 | Create | Villager (Male) |
| 15:18 | Create | Skirmisher |
| 15:34 | Build | Farm |
| 15:35 | Build | Farm |
| 15:56 | Create | Skirmisher |
| 16:00 | Build | Farm |
| 16:03 | Build | Farm |
| 16:17 | Create | Villager (Male) |
| 16:25 | Create | Skirmisher |
| 16:27 | Build | Farm |
| 16:30 | Build | Farm |
| 16:33 | Build | Farm |
| 16:38 | Create | Skirmisher |
| 16:47 | Create | Villager (Male) |
| 16:52 | Create | Skirmisher |
| 16:52 | Create | Skirmisher |
| 17:08 | Build | Farm |
| 17:27 | Create | Villager (Male) |
| 17:37 | Build | Watch Tower |
| 17:39 | Create | Villager (Male) |
| 17:46 | Create | Villager (Male) |
| 18:02 | Create | Villager (Male) |
| 18:04 | Build | Farm |
| 18:04 | Build | Farm |
| 18:08 | Build | Farm |
| 18:09 | Create | Skirmisher |
| 18:09 | Create | Skirmisher |
| 18:18 | Create | Skirmisher |
| 18:18 | Create | Skirmisher |
| 18:38 | Create | Villager (Male) |
| 18:40 | Build | House |
| 18:44 | Create | Skirmisher |
| 18:51 | Build | Watch Tower |
| 18:56 | Build | Watch Tower |
| 19:12 | Build | House |
| 19:13 | Create | Villager (Male) |
| 19:15 | Build | House |
| 19:19 | Research | Double-Bit Axe |
| 19:40 | Build | Farm |
| 19:41 | Build | Farm |
| 19:42 | Create | Villager (Male) |
| 19:56 | Build | Mining Camp |
| 20:03 | Create | Skirmisher |
| 20:14 | Build | House |
| 20:22 | Create | Skirmisher |
| 20:23 | Create | Skirmisher |
| 20:34 | Create | Villager (Male) |
| 20:37 | Build | Farm |
| 20:38 | Build | Farm |
| 21:20 | Create | Villager (Male) |
| 21:48 | Create | Villager (Male) |
| 21:51 | Build | Farm |
| 21:54 | Build | Farm |
| 21:55 | Build | Farm |
| 22:15 | Create | Villager (Male) |
| 22:18 | Build | Stable |
| 22:36 | Build | Lumber Camp |
| 23:23 | Research | Castle Age |
| 23:23 | Research | Castle Age |
| 24:04 | Build | Market |
| 24:12 | Build | Stable |
| 24:23 | Build | Stable |
| 24:31 | Research | Scale Barding Armor |
| 24:42 | Build | Farm |
| 24:44 | Build | Farm |
| 24:47 | Build | Farm |
| 25:40 | Build | Farm |
| 25:54 | Create | Villager (Male) |
| 25:54 | Create | Villager (Male) |
| 26:03 | Age | Castle Age |
| 26:06 | Research | Bloodlines |
| 26:06 | Create | Unit 1944 |
| 26:06 | Create | Unit 1944 |
| 26:20 | Build | Palisade Wall |
| 26:21 | Build | Palisade Wall |
| 26:32 | Create | Unit 1944 |
| 26:44 | Create | Villager (Male) |
| 26:49 | Create | Unit 1944 |
| 26:51 | Create | Villager (Male) |
| 26:54 | Create | Skirmisher |
| 26:54 | Create | Skirmisher |
Match timeline
| 5:37 | ask · first_building Barracks |
| 5:49 | MZTK |Kiss · first_building Barracks |
| 8:29 | ask · age_up feudal |
| 8:37 | MZTK |Kiss · age_up feudal |
| 9:01 | ask · first_building Archery Range |
| 9:23 | MZTK |Kiss · first_building Archery Range |
| 9:35 | ask · wall_segment Palisade Wall x1 |
| 9:37 | ask · wall_segment Palisade Wall x1 |
| 9:39 | ask · wall_segment Palisade Wall x1 |
| 10:48 | MZTK |Kiss · wall_segment Palisade Wall x1 |
| 11:15 | MZTK |Kiss · wall_segment Palisade Wall x1 |
| 11:16 | MZTK |Kiss · wall_segment Palisade Wall x1 |
| 13:48 | MZTK |Kiss · wall_segment Palisade Wall x1 |
| 18:47 | ask · first_building Stable |
| 19:19 | ask · wall_segment Palisade Wall x1 |
| 22:18 | MZTK |Kiss · first_building Stable |
| 24:59 | MZTK |Kiss · first_market_sell 100 wood |
| 26:03 | MZTK |Kiss · age_up castle |
| 26:20 | MZTK |Kiss · wall_segment Palisade Wall x1 |
| 26:21 | MZTK |Kiss · wall_segment Palisade Wall x1 |
| 26:49 | ask · age_up castle |
| 30:03 | MZTK |Kiss · first_market_buy 100 stone |
| 30:19 | ask · first_market_sell 100 food |
| 32:07 | MZTK |Kiss · first_building Monastery |
| 33:44 | MZTK |Kiss · resign |
[ AI ANALYSIS · 1 CREDIT ]
What really happened in this match?
Wolo.gg analyzes every decision: build order, eco, micro, common mistakes by bracket. Personalized analysis on WhatsApp or Discord in 30 seconds.
Civ guide
Tatars
Perfil
Jugador #4450310